 Dungeon Crawl Stone Soup version 0.30-a0-879-ga8ba668304 (webtiles) character file.

Game seed: 12860607199964455025

217390 loopz the Eclecticist (level 18, -13/107 HPs)
             Began as a Deep Elf Earth Elementalist on Mar 13, 2023.
             Was the Champion of Vehumet.
             Killed from afar by a will-o-the-wisp (15 damage)
             ... with a foxfire
             ... on level 2 of the Swamp.
             The game lasted 03:16:44 (53494 turns).

loopz the Eclecticist (DEEE)                       Turns: 53494, Time: 03:16:44

Health: -13/107    AC: 15    Str:  5    XL:     18   Next: 76%
Magic:  51/51      EV: 22    Int: 29    God:    Vehumet [******]
Gold:   1054       SH:  6    Dex: 19    Spells: 0/53 levels left

rFire   . . .      SeeInvis .    b - staff of earth
rCold   . . .      Faith    .    P - +0 buckler
rNeg    . . .      Spirit   .    L - +2 robe {Will+}
rPois   .          Reflect  .    h - +2 hat
rElec   +          Rampage  .    O - +2 cloak
rCorr   .                        Y - +2 pair of gloves
Will    +++..                    l - +2 pair of boots
Stlth   ++++++                   t - amulet of the acrobat
HPRegen 0.37/turn                (no ring)
MPRegen 0.32/turn                T - ring of Awe {rElec Will+ MP+9 Dex+4}

@: hasted, very quick
A: no striking features
a: Renounce Religion


You were on level 2 of the Swamp.
You worshipped Vehumet.
Vehumet was exalted by your worship.
You visited 6 branches of the dungeon, and saw 29 of its levels.

You collected 3180 gold pieces.
You spent 2126 gold pieces at shops.

Inventory:

Hand Weapons
 a - a +6 dagger of venom
 c - a +5 sling of freezing
Armour
 h - a +2 hat (worn)
 l - a +2 pair of boots (worn)
 L - a +2 robe of willpower (worn)
 O - a +2 cloak (worn)
 P - a +0 buckler (worn)
 S - a +2 robe of resistance
 Y - a +2 pair of gloves (worn)
Magical Staves
 b - a staff of earth (weapon)
 q - a staff of air
Jewellery
 e - a ring of see invisible
 n - the ring "Wyoniem" {EV+5 Str+3}
   (You took it off a deep elf archer on level 14 of the Dungeon)

   [ring of evasion]

   EV:        It affects your evasion (+5).
   Str:       It affects your strength (+3).
 p - a ring of ice
 r - a ring of willpower
 s - the amulet "Dosauf" {Spirit Str-3 Int+6}
   (You found it on level 14 of the Dungeon)

   [amulet of guardian spirit]

   It causes incoming damage to be divided between your reserves of health and
   magic.
   Str:       It affects your strength (-3).
   Int:       It affects your intelligence (+6).
 t - an amulet of the acrobat (around neck)
 A - the ring "Sonnynao" {rN++ rCorr EV+5}
   (You found it on level 5 of the Lair of Beasts)

   [ring of evasion]

   EV:        It affects your evasion (+5).
   rN:        It greatly protects you from negative energy.
   rCorr:     It protects you from acid and corrosion.
 R - a +6 ring of intelligence
 T - the ring of Awe (right hand) {rElec Will+ MP+9 Dex+4}
   (You took it off a boggart on level 14 of the Dungeon)

   [ring of willpower]

   Dex:       It affects your dexterity (+4).
   rElec:     It insulates you from electricity.
   MP:        It affects your magic capacity (+9).
   Will:      It increases your willpower.
 V - a ring of protection from fire
 Z - the ring of Toaw Cups {+Blink rElec rPois Int+2}
   (You took it off a meliai on level 14 of the Dungeon)

   [ring of poison resistance]

   Int:       It affects your intelligence (+2).
   rElec:     It insulates you from electricity.
   rPois:     It protects you from poison.
   +Blink:    It lets you blink.
Wands
 i - a wand of roots (36)
 D - a wand of polymorph (5)
 E - a wand of digging (12)
 I - a wand of paralysis (5)
 K - a wand of quicksilver (21)
Scrolls
 g - a scroll of fog
 o - 15 scrolls of teleportation
 y - 3 scrolls of vulnerability
 B - 3 scrolls of poison
 F - 7 scrolls of immolation
 G - 2 scrolls of enchant armour
 N - 3 scrolls of identify
 X - 3 scrolls of magic mapping
Potions
 j - 4 potions of flight
 k - 8 potions of curing
 m - 7 potions of attraction
 u - a potion of cancellation
 v - 4 potions of brilliance
 w - 3 potions of ambrosia
 x - 2 potions of lignification
 z - 4 potions of haste
 C - 7 potions of resistance
 H - 2 potions of might
 J - 6 potions of mutation
 U - 3 potions of magic
Miscellaneous
 f - a lightning rod (4/4)
 W - a tin of tremorstones (inert)


   Skills:
 - Level 10.0 Fighting
 - Level 5.0 Short Blades
 - Level 10.4 Ranged Weapons
 - Level 15.0 Dodging
 - Level 15.0 Stealth
 - Level 5.0 Shields
 - Level 1.8 Unarmed Combat
 - Level 18.0 Spellcasting
 + Level 13.0 Conjurations
 - Level 10.0 Hexes
 + Level 7.4 Summonings
 - Level 5.0 Transmutations
 - Level 10.0 Ice Magic
 - Level 5.0 Air Magic
 - Level 10.0 Earth Magic
 - Level 2.0 Poison Magic
 - Level 5.0 Evocations


You couldn't memorise any spells.
You knew the following spells:

 Your Spells              Type           Power      Damage    Failure   Level
a - Sandblast             Erth           100%       2d20      1%          1
b - Passwall              Tmut/Erth      67%        N/A       1%          2
c - Stone Arrow           Conj/Erth      100%       3d13      1%          3
d - Petrify               Tmut/Erth      81%        N/A       1%          4
e - Irradiate             Conj/Tmut      34%        3d23      1%          5
f - Mephitic Cloud        Conj/Pois/Air  60%        N/A       1%          3
g - Frozen Ramparts       Ice            100%       1d16      1%          3
h - Ozocubu's Armour      Ice            71%        N/A       1%          3
i - Spellforged Servitor  Conj/Summ      35%        N/A       7%          7
j - Airstrike             Air            26%        2d(4-20)  1%          4
k - Ozocubu's Refrigerat  Ice            35%        4d15      8%          7
l - Summon Mana Viper     Hex/Summ       67%        N/A       1%          5
m - Iron Shot             Conj/Erth      48%        9d9       1%          6

Your spell library contained the following spells:

 Spells                   Type           Power      Damage    Failure   Level
 Beastly Appendage        Tmut           100%       N/A       1%          1
 Slow                     Hex            100%       N/A       1%          1
 Wereblood                Tmut           53%        N/A       1%          2
 Confusing Touch          Hex            71%        N/A       1%          3
 Inner Flame              Hex/Fire       53%        N/A       1%          3
 Spider Form              Tmut/Pois      46%        N/A       1%          3
 Tukima's Dance           Hex            71%        N/A       1%          3
 Flame Wave               Conj/Fire      59%        2d14      1%          4
 Sticky Flame             Conj/Fire      59%        2d7       1%          4
 Summon Ice Beast         Ice/Summ       67%        N/A       1%          4
 Metabolic Englaciation   Hex/Ice        35%        N/A       1%          5
 Yara's Violent Unravell  Hex/Tmut       31%        3d13      1%          5
 Anguish                  Hex/Necr       26%        N/A       2%          4
 Vampiric Draining        Necr           26%        2d7       6%          3
 Blade Hands              Tmut           26%        N/A       8%          5
 Summon Forest            Summ/Tloc      23%        N/A       13%         5
 Statue Form              Tmut/Erth      54%        N/A       14%         6
 Eringya's Noxious Bog    Tmut/Pois      23%        N/A       19%         6
 Animate Dead             Necr           26%        N/A       21%         4
 Passage of Golubria      Tloc           26%        N/A       21%         4
 Simulacrum               Ice/Necr       26%        N/A       38%         6
 Monstrous Menagerie      Summ           31%        N/A       63%         7
 Summon Hydra             Summ           31%        N/A       63%         7
 Dragon Form              Tmut           26%        N/A       92%         7
 Haunt                    Necr/Summ      23%        N/A       98%         7
 Borgnjor's Revivificati  Necr           13%        N/A       100%        8
 Infestation              Necr           13%        N/A       100%        8
 Necromutation            Tmut/Necr      20%        N/A       100%        8
 Death's Door             Necr           13%        N/A       100%        9


Dungeon Overview and Level Annotations

Branches:
Dungeon (15/15) Zot: 25206  Temple (1/1) D:6 Zot: 5943    Lair (5/5) D:11 Zot: 17098
  Swamp (2/4) Lair:2 Zot: 9207  Spider (4/4) Lair:2 Zot: 15497   Slime (0/5) Lair:5
    Orc (2/2) D:11 Zot: 8632     Elf (0/3) Orc:2        Vaults (0/5) D:13
 Depths (0/4) D:15

Altars:
Ashenzari
Cheibriados
Dithmenos
Elyvilon
Fedhas
Gozag
Hepliaklqana
Kikubaaqudgha
Makhleb
Nemelex Xobeh
Okawaru
Qazlal
Ru
Sif Muna
Trog
Uskayaw
Vehumet
Wu Jian
Xom
Yredelemnul
Zin
The Shining One

Shops:
D:5 !   D:6 *   D:8 *   Orc:2 =([[

Annotations:
Lair:5 1 runed translucent door, exclusion: door


Message History

Something engulfs your vampire mosquito!
The tentacled monstrosity closely misses something.
The tentacled monstrosity barely misses something.
The tentacled monstrosity tentacle-slaps something but does no damage.
The tentacled monstrosity grabs something.
The tentacled monstrosity constricts something!
You enter the shallow water.
Moving in this stuff is going to be slow.
You enter the shallow water.
Moving in this stuff is going to be slow.
Your vampire mosquito dissolves into shadows!
You enter the shallow water.
Moving in this stuff is going to be slow.
Your vampire mosquito dissolves into shadows!
Your bunyip dissolves into shadows!
You feel yourself speed up.
Your vampire mosquito bites the will-o-the-wisp.
Your vampire mosquito barely misses the will-o-the-wisp.
The will-o-the-wisp completely misses you.
There is a stone staircase leading up, spattered with blood here.
Okay, then.
Okay, then.
Your vampire mosquito closely misses the will-o-the-wisp.
You enter the shallow water.
Moving in this stuff is going to be slow.
Your vampire mosquito bites the will-o-the-wisp.
Your vampire mosquito bites the will-o-the-wisp.
Your vampire mosquito barely misses the will-o-the-wisp.
The will-o-the-wisp gestures.
The will-o-the-wisp conjures some foxfire! 2 foxfires come into view.
You're wearing all the rings you can.
Remove which one? (? for menu, Esc to cancel) < or
Z - the ring of Toaw Cups {+Blink rElec rPois Int+2} > or
T - the ring of Awe {rElec Will+ MP+9 Dex+4} You remove the ring of Toaw Cups {+Blink rElec rPois Int+2}.
The foxfire hits you!
* * * LOW HITPOINT WARNING * * *
The foxfire hits you!
You die...

♣♣♣♣ ♣♣♣♣ ...~♣♣♣♣♣♣♣♣♣♣~.♣♣
~~~~....♣...♣.~~.♣♣
~~~~~§.........~~~~♣♣♣♣
~..~~~.~.~§..♣.[.♣♣♣~.♣
....~~....vv@.....♣♣~..♣
.~§~~..~~~y♣♣♣~..~~♣...♣
♣♣♣♣~.~....~~~.♣ ♣♣....~♣..♣
♣....~....~~wX♣♣♣♣♣X~..~♣~.♣
.~~.~~~~~~~~...~♣♣.~~~.~♣♣♣♣
~~~.~~~~~~~~...X♣♣~~~....~♣
.♣..~~~~~~~))..w.~.~~.~~.♣♣
♣♣.....~~~~).....~..♣♣♣.~♣
[.÷.#####..~~.>.....~♣♣♣♣♣


You could see a will-o-the-wisp (ally target), a friendly tyrant leech
(summoned) and a friendly vampire mosquito (summoned).

Vanquished Creatures
  Saint Roka (Orc:2)
  Rupert (Lair:5)
  Jorgrun (Spider:2)
  Asterion (Spider:3)
  An ironbound preserver (D:13)
  2 eleionomae
  Nessos (Lair:4)
  A bunyip (Swamp:2)
  5 spark wasps
  An ettin (D:15)
  2 entropy weavers (Spider:3)
  2 shambling mangroves (Swamp:2)
  An entropy weaver (shapeshifter) (D:14)
  A rakshasa (D:14)
  3 ghost crabs
  15 hydras
  5 jorogumos
  An ogre mage (D:14)
  10 boulder beetles
  3 centaur warriors
  3 radroaches
  4 alligators
  17 death yaks
  2 tengu warriors
  2 catoblepae
  7 two-headed ogres
  2 spriggan berserkers
  An orc high priest (Orc:2)
  A deep elf knight (D:14)
  8 hell knights (D:13)
  3 pharaoh ants
  4 skysharks
  5 skeletal warriors (D:13)
  3 spriggan druids
  8 orb spiders
  5 goliath frogs
  6 swamp dragons
  A deep elf archer (D:14)
  2 wizards (D:14)
  2 deep trolls
  5 bog bodies
  5 orc knights
  9 steelbarb worms
  3 deep elf pyromancers
  15 ugly things
  2 necromancers
  2 will-o-the-wisps
  3 orc sorcerers (Orc:2)
  23 wolf spiders
  7 manticores
  5 cyclopes
  Maurice (D:8)
  A moth of wrath (Spider:4)
  8 slime creatures
  14 elephants
  12 demonic crawlers
  5 black mambas
  6 torpor snails
  2 rime drakes (Lair:3)
  17 cane toads
  A gargoyle (D:13)
  2 efreet (D:14)
  An unseen horror (D:11)
  An unseen horror (shapeshifter) (D:14)
  Maggie (D:8)
  2 kobold demonologists
  12 komodo dragons
  A rime drake (shapeshifter) (D:14)
  3 tengu conjurers
  2 freezing wraiths (D:14)
  8 trolls
  10 meliai
  7 tyrant leeches
  A bloated husk (Swamp:2)
  21 tarantellas
  A wolf spider simulacrum (Lair:4)
  4 hornets
  29 blink frogs
  Prince Ribbit (D:9)
  5 dream sheep (Lair:4)
  A jumping spider (shapeshifter) (D:13)
  24 culicivoras
  A shadow (D:11)
  38 jumping spiders
  6 spriggans (Swamp:2)
  Eustachio (D:5)
  A vampire (D:13)
  4 wyverns
  A wraith (D:10)
  55 yaks
  2 dire elephant simulacra (Lair:4)
  2 steam dragons (D:6)
  8 basilisks
  54 redbacks
  14 vampire mosquitoes
  The ghost of freelancePsychic the Sneak, an amateur DsVM of Vehumet (D:3)
  A warg (Orc:2)
  6 swamp worms
  8 water moccasins
  7 hell hounds (D:13)
  32 orc warriors
  4 acid dragons
  A swamp drake (Swamp:2)
  3 sky beasts
  6 black bears
  A black bear (shapeshifter) (D:10)
  7 ogres
  4 ice beasts
  11 wolves
  A boggart (D:14)
  A phantom (D:3)
  12 centaurs
  6 kobold brigands
  17 bullfrogs
  4 gnoll sergeants
  4 scorpions (D:6)
  9 wights
  13 killer bees
  10 electric eels
  5 howler monkeys
  7 hounds
  4 jellies
  20 orc priests
  5 iguanas
  A sleepcap (D:6)
  23 orc wizards
  2 hell rats (Lair:5)
  A yak simulacrum (Lair:4)
  A basilisk simulacrum (Lair:4)
  11 gnolls
  8 adders
  9 river rats (Lair:5)
  A shadow imp (D:6)
  A white imp (D:6)
  2 ufetubi
  A worm (D:3)
  5 dart slugs
  90 orcs
  8 ball pythons
  6 endoplasms
  15 giant cockroaches
  2 goblins
  3 hobgoblins (D:4)
  6 jackals
  3 quokkas
  5 bats
  5 frilled lizards
  12 kobolds
  2 rats (D:3)
1047 creatures vanquished.

Vanquished Creatures (collateral kills)
  Arachne (Spider:4)
  A tentacled monstrosity (Swamp:2)
  A spriggan (Swamp:2)
  A wolf spider (Spider:2)
  A demonic crawler (Spider:2)
  2 hornets (Swamp:2)
  A swamp worm (Swamp:2)
  A swamp drake (Swamp:2)
9 creatures vanquished.

Vanquished Creatures (others)
  3 bushes (Lair:5)
  5 foxfires (Swamp:2)
  36 fungi
  153 plants
197 creatures vanquished.

Grand Total: 1253 creatures vanquished

Notes
Turn   | Place    | Note
-------+----------+-------------------------------------------
     0 | D:1      | loopz the Deep Elf Earth Elementalist began the quest for
                  | the Orb.
     0 | D:1      | Reached XP level 1. HP: 10/10 MP: 6/6
   269 | D:1      | Found a faded altar of an unknown god.
   325 | D:1      | Reached skill level 1 in Fighting
   504 | D:1      | Reached XP level 2. HP: 16/16 MP: 5/8
   841 | D:2      | Learned a level 2 spell: Passwall
  1589 | D:2      | Reached skill level 1 in Unarmed Combat
  1589 | D:2      | Reached XP level 3. HP: 21/21 MP: 6/9
  1688 | D:3      | Learned a level 3 spell: Stone Arrow
  2652 | D:4      | Reached XP level 4. HP: 26/26 MP: 3/10
  3161 | D:3      | Found an ornate altar of the Wu Jian Council.
  3184 | D:3      | Reached skill level 1 in Short Blades
  3184 | D:3      | Reached XP level 5. HP: 32/32 MP: 11/11
  3967 | D:4      | Noticed an orc warrior
  4114 | D:4      | Noticed a phantom
  4143 | D:3      | Killed a phantom
  4144 | D:3      | Reached XP level 6. HP: 16/37 MP: 4/12
  4241 | D:4      | Found a runed translucent gate.
  4241 | D:4      | Found a runed translucent gate.
  4241 | D:4      | Found a runed translucent gate.
  4639 | D:4      | Found an opulent altar of Gozag.
  4640 | D:4      | Noticed a yak
  4642 | D:4      | Noticed freelancePsychic's ghost (amateur DsVM)
  4735 | D:5      | Entered Level 5 of the Dungeon
  4735 | D:5      | Noticed Eustachio
  4747 | D:5      | Killed Eustachio
  4748 | D:5      | Reached skill level 5 in Earth Magic
  4789 | D:5      | Learned a level 4 spell: Petrify
  4850 | D:5      | Found a stormy altar of Qazlal.
  4869 | D:5      | Reached XP level 7. HP: 41/41 MP: 11/13
  5179 | D:5      | Found Nuoj's Distillery.
  5202 | D:5      | Bought a potion of lignification for 45 gold pieces
  5202 | D:5      | Bought a potion of haste for 150 gold pieces
  5202 | D:5      | Bought a potion of curing for 45 gold pieces
  5560 | D:6      | Noticed a steam dragon
  5816 | D:6      | Reached skill level 5 in Conjurations
  5816 | D:6      | Reached skill level 4 in Spellcasting
  5832 | D:6      | Reached skill level 5 in Spellcasting
  5911 | D:6      | Noticed a steam dragon
  6059 | D:6      | Reached XP level 8. HP: 46/46 MP: 12/17
  6307 | D:6      | Reached skill level 1 in Evocations
  6422 | D:6      | Found a shimmering blue altar of Sif Muna.
  6837 | D:6      | Found a staircase to the Ecumenical Temple.
  6846 | Temple   | Entered the Ecumenical Temple
  6888 | Temple   | Became a worshipper of Vehumet
  6950 | D:6      | Reached XP level 9. HP: 50/50 MP: 7/18
  7057 | D:6      | Reached skill level 10 in Earth Magic
  7259 | D:6      | You fall into a shaft and drop 2 floors!
  7907 | D:6      | Reached skill level 6 in Spellcasting
  7965 | D:6      | Found Tuoroh's General Store.
  8020 | D:6      | Bought a scroll of enchant armour for 105 gold pieces
  8021 | D:6      | Bought a potion of curing for 42 gold pieces
  8021 | D:6      | Bought a potion of resistance for 140 gold pieces
  8311 | D:7      | Reached skill level 7 in Spellcasting
  8859 | D:7      | Reached skill level 8 in Spellcasting
  9025 | D:5      | Bought a potion of mutation for 120 gold pieces
  9240 | D:4      | Reached * piety under Vehumet
  9240 | D:4      | Offered knowledge of Kiss of Death by Vehumet.
  9639 | D:7      | Reached skill level 9 in Spellcasting
 10168 | D:7      | Found an ancient bone altar of Kikubaaqudgha.
 10176 | D:7      | Found a white marble altar of Elyvilon.
 10250 | D:7      | Found a glowing golden altar of the Shining One.
 10469 | D:8      | Noticed Maurice
 10504 | D:8      | Noticed Maggie
 10508 | D:8      | Reached skill level 10 in Spellcasting
 10516 | D:8      | Killed Maggie
 10536 | D:8      | Reached XP level 10. HP: 66/66 MP: 15/26
 10860 | D:8      | Found Raeg's General Store.
 10865 | D:8      | Bought a scroll of identify for 30 gold pieces
 11034 | D:8      | Killed Maurice
 11250 | D:9      | Noticed a two-headed ogre
 11304 | D:9      | Killed a two-headed ogre
 11305 | D:9      | Reached skill level 5 in Dodging
 11305 | D:9      | Reached XP level 11. HP: 66/71 MP: 3/27
 11649 | D:9      | Noticed Prince Ribbit
 11662 | D:9      | Killed Prince Ribbit
 11822 | D:9      | Noticed a soul eater
 12013 | D:9      | Reached ** piety under Vehumet
 12013 | D:9      | Offered knowledge of Scorch by Vehumet.
 12414 | D:9      | Learned a level 5 spell: Irradiate
 12551 | D:10     | Entered Level 10 of the Dungeon
 12630 | D:10     | Noticed a purple ugly thing
 12640 | D:10     | Killed a purple ugly thing
 12747 | D:10     | Found a hazy altar of Hepliaklqana.
 12787 | D:10     | Found a burning altar of Makhleb.
 12789 | D:10     | Noticed a cacodemon
 12792 | D:10     | Found a glowing silver altar of Zin.
 12793 | D:10     | Noticed an angel
 13316 | D:10     | Reached skill level 10 in Dodging
 13663 | D:10     | Reached skill level 5 in Stealth
 14167 | D:10     | Offered knowledge of Mephitic Cloud by Vehumet.
 14336 | D:10     | Learned a level 3 spell: Mephitic Cloud
 14445 | D:10     | Found an opulent altar of Gozag.
 14447 | D:10     | Found a hazy altar of Hepliaklqana.
 14447 | D:10     | Found a shimmering blue altar of Sif Muna.
 14449 | D:10     | Found a hide-covered altar of Uskayaw.
 14449 | D:10     | Found a bloodstained altar of Trog.
 14449 | D:10     | Found a shimmering altar of Xom.
 15228 | D:11     | Found a staircase to the Lair.
 15257 | D:10     | Reached *** piety under Vehumet
 15392 | D:11     | Reached XP level 12. HP: 71/76 MP: 15/28
 15442 | D:11     | Noticed a two-headed ogre
 15457 | D:11     | Killed a two-headed ogre
 15719 | D:11     | Reached skill level 10 in Stealth
 16030 | D:11     | Found a staircase to the Orcish Mines.
 16223 | D:11     | Offered knowledge of Frozen Ramparts by Vehumet.
 16228 | D:11     | Learned a level 3 spell: Frozen Ramparts
 16268 | D:11     | Reached skill level 10 in Fighting
 16441 | D:11     | Reached skill level 1 in Ranged Weapons
 17226 | D:3      | Reached skill level 5 in Ranged Weapons
 17229 | D:3      | Killed freelancePsychic's ghost
 17384 | D:4      | Learned a level 3 spell: Ozocubu's Armour
 17390 | D:4      | Learned a level 5 spell: Metabolic Englaciation
 17556 | Lair:1   | Entered Level 1 of the Lair of Beasts
 18271 | Lair:1   | Reached skill level 1 in Ice Magic
 18719 | Lair:1   | Reached **** piety under Vehumet
 18949 | Lair:1   | Noticed a death yak
 18949 | Lair:1   | Noticed a death yak
 18952 | Lair:1   | Noticed a death yak
 18963 | Lair:1   | Noticed a death yak
 18965 | Lair:1   | Killed a death yak
 18966 | Lair:1   | Reached skill level 5 in Ice Magic
 18967 | Lair:1   | Noticed a death yak
 19120 | Lair:1   | Killed a death yak
 19121 | Lair:1   | Reached skill level 1 in Air Magic
 19121 | Lair:1   | Reached skill level 1 in Poison Magic
 20000 | Lair:1   | Killed a death yak
 20013 | Lair:1   | Killed a death yak
 20013 | Lair:1   | Killed a death yak
 20447 | Lair:2   | Offered knowledge of Fulminant Prism by Vehumet.
 20510 | Lair:2   | Found a staircase to the Swamp.
 20520 | Lair:2   | Reached XP level 13. HP: 82/82 MP: 19/29
 20822 | Lair:2   | Found a hole to the Spider Nest.
 22368 | Lair:3   | Reached skill level 5 in Short Blades
 22676 | Lair:3   | Reached skill level 10 in Ranged Weapons
 22678 | Lair:3   | Reached skill level 5 in Transmutations
 24343 | Lair:4   | Noticed Nessos
 24364 | Lair:4   | Killed Nessos
 24811 | Lair:4   | Found a transporter.
 24858 | Lair:4   | Found a transporter.
 25676 | Lair:4   | Reached ***** piety under Vehumet
 25677 | Lair:4   | Offered knowledge of Airstrike by Vehumet.
 25856 | Lair:4   | Got the Papyrus of Loathsome Convocation
 25967 | Lair:5   | Entered Level 5 of the Lair of Beasts
 26374 | Lair:4   | Reached skill level 5 in Evocations
 26574 | Lair:4   | Reached XP level 14. HP: 83/88 MP: 20/30
 26575 | Lair:4   | Reached skill level 10 in Conjurations
 26636 | Lair:4   | Reached skill level 1 in Hexes
 27610 | Lair:4   | Reached skill level 5 in Hexes
 28365 | Lair:5   | Found a runed translucent door.
 28365 | Lair:5   | Noticed an acid blob
 28597 | Lair:5   | Noticed Rupert
 28620 | Lair:5   | Killed Rupert
 29776 | Lair:5   | Noticed an acid blob
 29808 | Lair:5   | Identified the ring "Sonnynao" {rN++ rCorr EV+5}
 29906 | Lair:5   | Found a staircase to the Slime Pits.
 30543 | D:5      | Bought a potion of experience for 750 gold pieces
 30543 | D:5      | Reached skill level 12 in Spellcasting
 30543 | D:5      | Reached XP level 15. HP: 92/92 MP: 30/33
 30796 | D:12     | Learned a level 4 spell: Airstrike
 31180 | D:5      | Bought a potion of cancellation for 120 gold pieces
 31937 | D:12     | Reached skill level 10 in Hexes
 32234 | Orc:1    | Entered Level 1 of the Orcish Mines
 32274 | Orc:2    | Entered Level 2 of the Orcish Mines
 32849 | Orc:1    | Reached skill level 1 in Shields
 33127 | Orc:2    | Reached XP level 16. HP: 97/97 MP: 7/34
 33156 | Orc:2    | Reached skill level 10 in Ice Magic
 33726 | Orc:2    | Offered knowledge of Ozocubu's Refrigeration by Vehumet.
 34177 | Orc:2    | Noticed Saint Roka
 34206 | Orc:2    | Found a staircase to the Elven Halls.
 34587 | Orc:2    | Killed Saint Roka
 34588 | Orc:2    | Reached skill level 13 in Spellcasting
 35081 | Orc:1    | Learned a level 7 spell: Ozocubu's Refrigeration
 35179 | Orc:2    | Found Abene's Jewellery Boutique.
 35187 | Orc:2    | Bought a ring of see invisible for 165 gold pieces
 35300 | Orc:2    | Found Ecihouf's Antique Weapon Emporium.
 35302 | Orc:2    | Found Naedumax's Antique Armour Shoppe.
 35467 | Orc:2    | Found Goehio's Antique Armour Shoppe.
 35566 | Orc:2    | Bought a glowing robe for 114 gold pieces
 35714 | D:8      | Bought a scroll of teleportation for 45 gold pieces
 35714 | D:8      | Bought a scroll of teleportation for 45 gold pieces
 35714 | D:8      | Bought a potion of resistance for 150 gold pieces
 35714 | D:8      | Bought a potion of brilliance for 60 gold pieces
 36420 | D:13     | Reached skill level 14 in Spellcasting
 37016 | D:13     | Found a gate to the Vaults.
 37346 | D:13     | Reached skill level 5 in Air Magic
 38365 | D:14     | Reached skill level 15 in Spellcasting
 38512 | D:14     | Reached skill level 5 in Shields
 38643 | D:14     | Learned a level 5 spell: Summon Mana Viper
 38905 | D:14     | Found a runed translucent door.
 38968 | D:14     | Reached ****** piety under Vehumet
 39221 | D:14     | Identified the ring of Awe {rElec Will+ MP+9 Dex+4}
 39295 | D:14     | Offered knowledge of Iron Shot by Vehumet.
 39574 | D:14     | Identified the ring of Toaw Cups {+Blink rElec rPois Int+2}
 39847 | D:14     | Identified the ring "Wyoniem" {EV+5 Str+3}
 39941 | D:14     | Identified the amulet "Dosauf" {Spirit Str-3 Int+6}
 40050 | D:14     | Reached skill level 16 in Spellcasting
 40116 | D:15     | Entered Level 15 of the Dungeon
 40448 | D:14     | Reached XP level 17. HP: 97/102 MP: 39/39
 40844 | D:15     | Reached skill level 17 in Spellcasting
 41685 | D:15     | Found a staircase to the Depths.
 41776 | D:15     | Learned a level 6 spell: Iron Shot
 41958 | Spider:1 | Entered Level 1 of the Spider Nest
 41990 | Spider:1 | Reached skill level 1 in Summonings
 42455 | Spider:1 | Reached skill level 18 in Spellcasting
 42558 | Spider:1 | Offered knowledge of Iskenderun's Battlesphere by Vehumet.
 43280 | Spider:1 | Reached skill level 5 in Summonings
 44611 | Spider:2 | Offered knowledge of Lightning Bolt by Vehumet.
 45301 | Spider:2 | Noticed Jorgrun
 45309 | Spider:2 | Killed Jorgrun
 45961 | Spider:3 | Noticed Asterion
 46503 | Spider:3 | Killed Asterion
 46992 | Spider:3 | Identified the +1 leather armour of Absence {Dex+3}
 48330 | Spider:4 | Entered Level 4 of the Spider Nest
 48384 | Spider:4 | Reached skill level 15 in Stealth
 48388 | Spider:4 | Offered knowledge of Conjure Ball Lightning by Vehumet.
 48413 | Spider:3 | Reached XP level 18. HP: 97/107 MP: 4/42
 48901 | Spider:4 | Noticed Arachne
 48906 | Spider:4 | Killed Arachne
 49558 | Spider:4 | Reached skill level 15 in Dodging
 50769 | Swamp:1  | Entered Level 1 of the Swamp
 51491 | Swamp:1  | Identified the +0 leather armour of Liohilan {Stlth+}
 51880 | Swamp:2  | Offered knowledge of Spellforged Servitor by Vehumet.
 52026 | Swamp:2  | Learned a level 7 spell: Spellforged Servitor
 53339 | Swamp:2  | Noticed a tentacled monstrosity
 53463 | Swamp:2  | Noticed a tentacled monstrosity
 53468 | Swamp:2  | Killed a tentacled monstrosity
 53494 | Swamp:2  | HP: 2/107 [will-o-the-wisp/foxfire (17)]
 53494 | Swamp:2  | Killed from afar by a will-o-the-wisp

Illustrated notes

Levels and vault maps discovered:
D:1:      minmay_arrival_stone_box, layout_basic,
          hellmonk_ecumenical_altar_lost_god
D:2:      layout_loops_cross
D:3:      minmay_roachtagon, layout_basic, mainiacjoe_overflow_surrounded_room,
          serial_rivers, chequers_serial_rivers_micro_c,
          chequers_serial_rivers_large_b, chequers_serial_rivers_micro_b,
          chequers_serial_rivers_small_b, chequers_serial_rivers_micro_a
D:4:      minmay_opposing_rooms, layout_rooms, ebering_ghost_gozag
D:5:      layout_basic, nicolae_qazlal_general_emergency, serial_shops,
          shop_coins, minmay_splitting_lines, uniq_eustachio
D:6:      black_bear_nest_1, layout_basic, amcnicky_altar_gilded,
          minmay_temple_entry_mist, serial_shops, shop, minmay_joined_circles
D:7:      layout_gridville, amethyst_overflow_temple_binary,
          lemuel_doored_altar, chequers_decorated_corner, serial_bayou_lake_a
D:8:      layout_rooms, enter_bailey_2, serial_shops, kennysheep_little_box,
          uniq_maggie, uniq_maurice
D:9:      layout_basic, uniq_prince_ribbit1
D:10:     layout_basic, grunt_temple_overflow_order_and_chaos_2,
          doesnt_xom_only_xom, minmay_ruined_shrine
D:11:     layout_irregular_city, david_lair_generic,
          kennysheep_orc_monster_closet_entryway
D:12:     layout_basic
D:13:     layout_rooms, skrybe_vaults_entry_preservation, grunt_ministairs_4,
          minmay_rotating_lava
D:14:     minmay_the_grid_triangle_9x9_rhombus_full_mashed
          [minmay_the_grid_triangle_9x9_checkered,
          minmay_the_grid_triangle_9x9_thin_v,
          minmay_the_grid_triangle_9x9_subtriangle,
          minmay_the_grid_triangle_9x9_skeleton,
          minmay_the_grid_triangle_9x9_minimal,
          minmay_the_grid_triangle_9x9_intruding_spiral,
          minmay_the_grid_triangle_9x9_sprig,
          minmay_the_grid_triangle_9x9_prize_special], layout_rooms,
          chequers_serial_rivers_micro_c
D:15:     hangedman_depths_entry_civil_slaughter, layout_cave_pools
Temple:   nicolae_temple_god_jail
Lair:1:   layout_cave_pods
Lair:2:   layout_chaotic_city, skrybe_swamp_entry_bodies,
          spider_nest_entry_rubble
Lair:3:   layout_layer_cave
Lair:4:   gammafunk_cloud_chamber, layout_cave_pods, minivault_23,
          infiniplex_staircase_pool_2, lemuel_fruit_fields, lemuel_fruit_tree,
          uniq_nessos
Lair:5:   minmay_lair_end_frog_pond, layout_misc_corridors, slime_entry_2,
          serial_bayou, serial_bayou_pond_c, serial_bayou_shore_a,
          serial_bayou_pond_d, serial_bayou_shore_b, kennysheep_rathole,
          uniq_rupert
Swamp:1:  layout_basic_swamp, evilmike_swamp_ruin_rubble_2,
          nicolae_swamp_very_dense_foliage
Swamp:2:  nzn_winding_woodlands_three_and_one
          [nzn_winding_woodlands_5x15_crooked,
          nzn_winding_woodlands_5x15_zeroes,
          nzn_winding_woodlands_5x15_pathside_ponds,
          nzn_winding_woodlands_center_triple_pond], layout_basic_swamp,
          evilmike_swamp_ruin_house_6
Spider:1: layout_spider_delve, hangedman_spider_tarantella_strand
Spider:2: layout_spider_delve, nicolae_spider_bzzzt, uniq_jorgrun
Spider:3: layout_chambers, hellmonk_narrow_tunnel, uniq_asterion
Spider:4: hellmonk_spider_rune_bug_friends, worms_lemuel, uniq_louise,
          uniq_arachne
Orc:1:    layout_diamond_mine, basic_altar
Orc:2:    grunt_orc_community_town_hall, layout_diamond_mine,
          grunt_orc_community_big_house_1, grunt_orc_community_big_house_2,
          grunt_orc_community_house_3, grunt_orc_community_house_3,
          grunt_orc_community_house_3, grunt_orc_community_house_2,
          grunt_orc_community_house_1, grunt_orc_community_house_3

Skill      XL: |  1  2  3  4  5  6  7  8  9 10 11 12 13 14 15 16 17 18 |
---------------+-------------------------------------------------------+-----
Fighting       | 1 2 3 9 10 | 10.0
Unarmed Combat | 1 |  1.8
Short Blades   | 1 2 5 |  5.0
Transmutations | 2 4 5 |  5.0
Earth Magic    | 4 5 6 9 10 | 10.0
Conjurations   | 3 5 6 9 10 13 | 13.0
Spellcasting   | 5 10 12 16 18 | 18.0
Evocations     | 2 5 |  5.0
Dodging        | 5 10 13 15 | 15.0
Stealth        | 9 10 12 15 | 15.0
Ranged Weapons | 7 10 | 10.4
Ice Magic      | 5 9 10 | 10.0
Air Magic      | 2 5 |  5.0
Poison Magic   | 2 |  2.0
Hexes          | 9 10 | 10.0
Shields        | 1 5 |  5.0
Summonings     | 5 7 |  7.4

Action                     |  1- 3 |  4- 6 |  7- 9 | 10-12 | 13-15 | 16-18 || total
---------------------------+-------+-------+-------+-------+-------+-------++-------
  Melee: Dagger            |     7 |    56 |    52 |   172 |   138 |   121 ||   546
         Punch             |       |     1 |     3 |     4 |     4 |       ||    12
   Fire: Sling             |       |       |       |    48 |   191 |   250 ||   489
  Throw: Dart              |       |     2 |     8 |     6 |     6 |       ||    22
         Throwing net      |       |       |       |       |     1 |     1 ||     2
   Cast: Sandblast         |    57 |    56 |    11 |       |       |       ||   124
         Stone Arrow       |       |       |   114 |   294 |   258 |   574 ||  1240
         Petrify           |       |       |       |    11 |       |       ||    11
         Passwall          |       |       |       |     3 |       |     1 ||     4
         Frozen Ramparts   |       |       |       |     8 |    20 |    19 ||    47
         Irradiate         |       |       |       |     5 |    70 |    98 ||   173
         Ozocubu's Armour  |       |       |       |     4 |    23 |    26 ||    53
         Mephitic Cloud    |       |       |       |       |     1 |     9 ||    10
         Iron Shot         |       |       |       |       |       |   244 ||   244
         Airstrike         |       |       |       |       |       |     2 ||     2
         Summon Mana Viper |       |       |       |       |       |     2 ||     2
         Spellforged Servi |       |       |       |       |       |     7 ||     7
  Evoke: Wand              |       |       |    14 |       |     5 |    10 ||    29
         Tin of tremorston |       |       |       |       |     2 |     8 ||    10
         Lightning rod     |       |       |       |       |       |     5 ||     5
    Use: Scroll            |     7 |     3 |     6 |     7 |     6 |    17 ||    46
         Potion            |       |     1 |     3 |     2 |     4 |    15 ||    25
   Stab: Sleeping          |     1 |     2 |     3 |     5 |     2 |     4 ||    17
         Paralysed         |       |       |     4 |       |     2 |     3 ||     9
         Petrified         |       |       |       |     9 |       |       ||     9
         Held in net/web   |       |       |       |       |       |     1 ||     1
 Armour: Robe              |     2 |     7 |     3 |    46 |    71 |   170 ||   299
         Leather armour    |       |       |    12 |    14 |     4 |    18 ||    48
  Dodge: Dodged            |    16 |    57 |    50 |   334 |   391 |   655 ||  1503
  Block: Buckler           |       |       |       |       |     2 |   152 ||   154

Table legend: (Time is in decaauts)
 A = Elapsed time spent in this place.
 B = Non-inter-level travel time spent in this place.
 C = Inter-level travel time spent in this place.
 D = Time resting spent in this place.
 E = Time spent auto-exploring this place.
 F = Levels seen in this place.
 G = Mean time per level.
                   A        B        C        D        E       F      G
               +--------+--------+--------+--------+--------+-----+--------+
         Total |  53679 |  49866 |   3813 |  23710 |  18091 |  29 | 1851.0 |
       Dungeon |  26059 |  23386 |   2673 |   9748 |   9236 |  15 | 1737.3 |
        Temple |     56 |     43 |     13 |      0 |     24 |   1 |   56.0 |
          Lair |  12901 |  12191 |    710 |   6007 |   4653 |   5 | 2580.2 |
         Swamp |   2792 |   2756 |     36 |   1472 |    892 |   2 | 1396.0 |
   Spider Nest |   8502 |   8245 |    257 |   5054 |   2150 |   4 | 2125.5 |
  Orcish Mines |   3367 |   3245 |    122 |   1428 |   1136 |   2 | 1683.5 |
               +--------+--------+--------+--------+--------+-----+--------+

Top non-repeatable levels by time:
  Lair:4: 4209 daAuts
Spider:3: 3715 daAuts
  Lair:3: 3009 daAuts
    D:14: 2557 daAuts
    D:10: 2549 daAuts
     D:6: 2548 daAuts
     D:7: 2435 daAuts
Spider:1: 2407 daAuts
    D:13: 2357 daAuts
    D:11: 2346 daAuts
  Lair:1: 2309 daAuts
     D:3: 2153 daAuts
   Orc:2: 1887 daAuts
     D:9: 1861 daAuts
  Lair:5: 1841 daAuts
